AoeStats
← kable.xpress

Arabia

506554994Analyzed
1v1 RM · 19d ago on Sep 14, 2026· 45m 7s· 2 players
Game mode
Random Map
Map size
Tiny (2 player)
Population
200
Speed
Normal
Resources
Standard
Victory
Conquest
Starting age
Dark Age
Ending age
Imperial Age
RankedLock teamsTeams togetherTeam positionsShared explorationLock speedFull tech treeHidden civsTurbo modeCheats
Victory
Defeat
🇨🇳 Mongols · China
2143
+18
🇦🇷 Mongols · Argentina
2191
-18
xingxing
6:09 Loom
8:43 Feudal Age
9:29 Double-Bit Axe
9:46 Horse Collar
18:44 Castle Age
17:31 Fletching
17:59 Gold Mining
19:43 Bow Saw
19:28 Bodkin Arrow
21:42 Wheelbarrow
21:48 Elite Skirmisher
25:04 Ballistics
27:06 Stone Mining
32:45 Imperial Age
30:35 Padded Archer Armor
31:37 Husbandry
32:37 Hand Cart
32:51 Bloodlines
32:57 Leather Archer Armor
33:52 Bracer
34:53 Chemistry
34:21 Thumb Ring
35:10 Conscription
35:43 Stone Shaft Mining
36:12 Masonry
36:11 Elite Mangudai
36:29 Light Cavalry
37:15 Scale Barding Armor
37:39 Forging
37:53 Hussar
39:19 Chain Barding Armor
41:09 Iron Casting
41:57 Parthian Tactics
45:22 Blast Furnace
kable.xpress
8:02 Feudal Age
7:01 Loom
9:01 Double-Bit Axe
10:59 Horse Collar
15:58 Wheelbarrow
18:55 Castle Age
18:50 Gold Mining
19:11 Bloodlines
19:15 Fletching
19:48 Bow Saw
20:12 Bodkin Arrow
21:31 Padded Archer Armor
21:42 Husbandry
28:36 Hand Cart
34:11 Imperial Age
31:33 Stone Mining
32:23 Leather Archer Armor
31:29 Elite Skirmisher
34:08 Masonry
34:30 Ballistics
34:54 Bracer
35:56 Chemistry
36:50 Heavy Plow
38:45 Thumb Ring
39:44 Conscription
41:11 Elite Mangudai
43:53 Parthian Tactics
44:29 Scale Barding Armor
43:47 Light Cavalry
45:34 Chain Barding Armor
45:26 Forging
45:52 Hoardings
44:38 Crossbowman
Connection lost

Rejoining the realm…

Still unreachable

The connection could not be restored.

Session expired

The server has moved on; the page needs a fresh start.